 Dungeon Crawl Stone Soup version 0.27.0-1-g7a089689b8 (webtiles) character file.

Game seed: 15784635178732388938

146878 garrulousMonolith the Bludgeoner (level 17, -11/115 HPs)
             Began as a Gargoyle Fighter on Aug 10, 2021.
             Was the Champion of Okawaru.
             Blown up by an orb spider (38 damage)
             ... with a wavering orb of destruction
             ... on level 4 of the Spider Nest.
             The game lasted 00:46:52 (36574 turns).

garrulousMonolith the Bludgeoner (GrFi)            Turns: 36574, Time: 00:46:52

Health: -11/115    AC: 46    Str: 25    XL:     17   Next: 45%
Magic:  24/24      EV: 10    Int: 15    God:    Okawaru [******]
Gold:   2427       SH: 16    Dex: 14    Spells: 16/16 levels left

rFire    . . .     SeeInvis .   S - +4 demon whip (venom)
rCold    + . .     Faith    .   m - +2 kite shield of Precision Catastrophes {Fly Dex+2}
rNeg     + . .     Spirit   .   i - +0 ice dragon scales
rPois    ∞         Reflect  .   Q - +3 helmet of the Leaf {rElec rCorr Str+3 Dex+2}
rElec    +         Harm     .   J - +2 cloak {Stlth+}
rCorr    +         Rampage  .   n - +1 pair of gloves
Will     +....     Clarity  +   K - +3 pair of boots of the Abyss {rPois}
Stlth    +.........             u - amulet of the acrobat
HPRegen  0.29/turn              j - +4 ring of slaying
MPRegen  0.19/turn              I - ring of fire

@: unable to read, flying
A: sickness immunity, AC +12, big wings, negative energy resistance 1,
electricity resistance, torment resistance 1, petrification resistance,
iridescent scales 1, clarity, screaming 1, strong 1, evolution 1, inability to
read while threatened, MP-powered wands
a: Renounce Religion, Heroism, Finesse


You were on level 4 of the Spider Nest.
You worshipped Okawaru.
Okawaru was exalted by your worship.
You visited 5 branches of the dungeon, and saw 28 of its levels.
You also visited: Sewer and Gauntlet.

You collected 2812 gold pieces.
You spent 385 gold pieces at shops.

Inventory:

Hand Weapons
 z - a +4 morningstar of freezing
 N - the +7 flail of Blood {vorpal, rF+ Dex+4}
   (Okawaru gifted it to you on level 2 of the Orcish Mines)

   It inflicts extra damage upon your enemies.
   Dex:       It affects your dexterity (+4).
   rF:        It protects you from fire.
 S - a +4 demon whip of venom (weapon)
Missiles
 b - 74 poisoned darts (quivered)
 D - 6 curare-tipped darts
Armour
 i - +0 ice dragon scales (worn)
 m - the +2 kite shield of Precision Catastrophes (worn) {Fly Dex+2}
   (You acquired it on level 2 of the Lair of Beasts)

   Dex:       It affects your dexterity (+2).
   Fly:       It grants you flight.
 n - a +1 pair of gloves (worn)
 J - a +2 cloak of stealth (worn)
 K - the +3 pair of boots of the Abyss (worn) {rPois}
   (Okawaru gifted it to you on level 6 of the Lair of Beasts)

   rPois:     It protects you from poison.
 Q - the +3 helmet of the Leaf (worn) {rElec rCorr Str+3 Dex+2}
   (You found it on level 12 of the Dungeon)

   Str:       It affects your strength (+3).
   Dex:       It affects your dexterity (+2).
   rElec:     It insulates you from electricity.
   rCorr:     It protects you from acid and corrosion.
 X - a +2 hat
Magical Staves
 V - a staff of earth
Jewellery
 e - a ring of positive energy
 j - a +4 ring of slaying (left hand)
 u - an amulet of the acrobat (around neck)
 I - a ring of fire (right hand)
 Y - a ring of protection from cold
 Z - a +4 ring of slaying
Wands
 q - a wand of paralysis (15)
 E - a wand of flame (26)
 L - a wand of iceblast (19)
 R - a wand of polymorph (7)
Scrolls
 a - 2 scrolls of magic mapping
 d - 3 scrolls of amnesia
 f - 6 scrolls of enchant armour
 g - 7 scrolls of immolation
 o - 4 scrolls of fog
 p - 7 scrolls of fear
 v - 16 scrolls of teleportation
 x - a scroll of blinking
 y - a scroll of silence
 B - 6 scrolls of identify
 C - a scroll of holy word
 P - 3 scrolls of vulnerability
Potions
 c - 2 potions of attraction
 k - 2 potions of magic
 l - a potion of cancellation
 r - a potion of invisibility
 s - 9 potions of curing
 t - 3 potions of haste
 w - 4 potions of berserk rage
 A - a potion of resistance
 F - 10 potions of might
 G - a potion of ambrosia
 H - a potion of mutation
 O - 2 potions of lignification
 T - 2 potions of brilliance
 W - 2 potions of heal wounds
Miscellaneous
 h - a phantom mirror
 M - a lightning rod (4/4)
 U - a box of beasts


   Skills:
 + Level 15.8 Fighting
 - Level 16.0 Maces & Flails
 + Level 15.8 Armour
 - Level 15.0 Shields
 - Level 10.0 Invocations


You had 16 spell levels left.
You didn't know any spells.
Your spell library contained the following spells:

 Spells                   Type           Power      Damage    Failure   Level
 Animate Skeleton         Necr           0%         N/A       50%         1
 Beastly Appendage        Tmut           0%         N/A       50%         1
 Foxfire                  Conj/Fire      0%         2x1d4     50%         1
 Pain                     Necr           0%         1d4       50%         1
 Wereblood                Tmut           0%         N/A       63%         2
 Conjure Flame            Conj/Fire      0%         6-21      86%         3
 Dazzling Flash           Conj/Hex       0%         N/A       86%         3
 Frozen Ramparts          Ice            0%         1d2       86%         3
 Ignite Poison            Fire/Tmut/Pois 0%         N/A       86%         3
 Inner Flame              Hex/Fire       0%         N/A       86%         3
 Portal Projectile        Hex/Tloc       0%         N/A       86%         3
 Spider Form              Tmut/Pois      0%         N/A       86%         3
 Tukima's Dance           Hex            0%         N/A       86%         3
 Vampiric Draining        Necr           0%         2d6       86%         3
 Airstrike                Air            0%         N/A       99%         4
 Iskenderun's Mystic Bla  Conj/Tloc      0%         2d3       99%         4
 Leda's Liquefaction      Hex/Erth       0%         N/A       99%         4
 Passage of Golubria      Tloc           N/A        N/A       99%         4
 Petrify                  Tmut/Erth      0%         N/A       99%         4
 Sticky Flame             Conj/Fire      0%         2d3       99%         4
 Summon Lightning Spire   Summ/Air       0%         N/A       99%         4
 Agony                    Necr           0%         N/A       100%        5
 Alistair's Intoxication  Tmut/Pois      0%         N/A       100%        5
 Blade Hands              Tmut           0%         N/A       100%        5
 Bolt of Magma            Conj/Fire/Erth 0%         4d4       100%        5
 Borgnjor's Vile Clutch   Necr/Erth      0%         N/A       100%        5
 Excruciating Wounds      Necr           0%         N/A       100%        5
 Irradiate                Conj/Tmut      0%         3d13      100%        5
 Lightning Bolt           Conj/Air       0%         1d11      100%        5
 Silence                  Hex/Air        0%         N/A       100%        5
 Summon Forest            Summ/Tloc      0%         N/A       100%        5
 Summon Mana Viper        Hex/Summ       0%         N/A       100%        5
 Yara's Violent Unravell  Hex/Tmut       0%         3d3       100%        5
 Eringya's Noxious Bog    Tmut/Pois      0%         N/A       100%        6
 Invisibility             Hex            0%         N/A       100%        6
 Shadow Creatures         Summ           N/A        N/A       100%        6
 Starburst                Conj/Fire      0%         8x6d3     100%        6
 Shatter                  Erth           0%         3d5*      100%        9
 Sublimation of Blood     Necr           Unusable   N/A       N/A         2

Dungeon Overview and Level Annotations

Branches:
Dungeon (15/15)            Temple (1/1) D:7            Lair (6/6) D:10
  Swamp (0/4) Lair:4       Spider (4/4) Lair:4        Slime (0/5) Lair:6
    Orc (2/2) D:9             Elf (0/3) Orc:2        Vaults (0/5) D:13
 Depths (0/5) D:15          Sewer (visited)         Gauntlet (visited)

Altars:
Ashenzari
Cheibriados
Dithmenos
Elyvilon
Fedhas
Gozag
Hepliaklqana
Kikubaaqudgha
Makhleb
Nemelex Xobeh
Okawaru
Qazlal
Ru
Sif Muna
Trog
Uskayaw
Vehumet
Wu Jian
Xom
Yredelemnul
Zin
The Shining One
Beogh
Jiyva

Shops:
D:7 (   D:9 =   Orc:1 *   Orc:2 :![*

Annotations:
Lair:6 1 runed translucent door


Innate Abilities, Weirdness & Mutations

You are immune to sickness and miasma.
Your stone body is resilient. (AC +12)
You are immune to poison.
Your large and strong wings let you fly.
You resist negative energy. (rN+)
You are resistant to electric shocks. (rElec)
You are resistant to unholy torment.
You are immune to petrification.
You are partially covered in iridescent scales. (AC +2)
You possess an exceptional clarity of mind.
You occasionally shout uncontrollably at your foes.
Your muscles are strong. (Str +2)
You evolve.
You sometimes lose the ability to read scrolls when taking damage.
You expend magic power (3 MP) to strengthen your wands.


Message History

The wolf spider looks as sick as possible!
The wolf spider is moderately wounded.
You block the wolf spider's attack.
The wolf spider bites you but does no damage.
The orb spider weaves a glowing orb of energy.
The orb of destruction hits you!!!
You feel threatened and lose the ability to read scrolls!
* * * LOW HITPOINT WARNING * * *
An orb of destruction comes into view.
The orb spider pulsates with a strange energy.
You block the wolf spider's attack.
The wolf spider bites you but does no damage.
You kill the wolf spider!
Okawaru accepts your kill.
The orb of destruction hits a rock wall.
The orb spider spins a strand of pure energy.
The redback misses you.
You whack the redback!
The redback is heavily wounded.
The orb spider pulsates with a strange energy.
You block the redback's attack.
You whack the redback!
The redback is severely wounded.
You whack the redback!
You kill the redback!
Okawaru accepts your kill.
The orb spider weaves a glowing orb of energy.
An orb of destruction comes into view.
You are caught in the web!
You hear an angry hiss.
There is a web here.
You disentangle yourself.
You are caught in the web!
There is a web here.
You struggle to detach yourself from the web.
The orb spider weaves a glowing orb of energy.
An orb of destruction comes into view.
You disentangle yourself.
The wavering orb of destruction hits you!!!
You die...

#..†ss.......
#.^*....#.#..
#†^≈s.........
#.#≈...≈.(^.^
#s#^#^≈.≈^#^^
#s###^≈≈≈...^ ≈
#s# #####.####..
#○# ##.......
#@######.......^
#..^^...^.....^.
########..#....
#^.^## . ##..^^#
#.....####
###......##
#.†.<...#
##.....##


You could see 3 orb spiders.

Vanquished Creatures
  Jorgrun (D:15)
  A ghost moth (Spider:1)
  2 emperor scorpions
  2 ghouls (D:13)
  A quicksilver ooze (shapeshifter) (D:13)
  A very ugly thing (D:13)
  A minotaur (Gauntlet)
  Azrael (D:14)
  3 entropy weavers
  2 yaktaur captains (D:13)
  A great orb of eyes (D:15)
  A vault guard (D:13)
  7 hydras
  An ice dragon (D:13)
  Erolcha (D:10)
  5 boulder beetles
  A catoblepas (Lair:5)
  A rakshasa (D:15)
  A merfolk avatar (Lair:6)
  2 death knights
  5 two-headed ogres
  4 centaur warriors
  2 tengu warriors (D:14)
  7 death yaks
  Urug (Orc:2)
  Sonja (Orc:2)
  8 skeletal warriors
  A death drake (shapeshifter) (D:15)
  A death drake (Gauntlet)
  A phantasmal warrior (D:14)
  5 deep elf pyromancers
  A harpy (Lair:6)
  A wolf spider zombie (Gauntlet)
  8 orc knights
  6 manticores
  12 orb spiders
  18 ugly things
  24 wolf spiders
  2 cyclopes
  2 elephants (Lair:6)
  4 centaur zombies
  A moth of wrath (Spider:1)
  An ice statue (Gauntlet)
  6 black mambas
  2 torpor snails
  Joseph (D:7)
  3 gargoyles
  8 cane toads
  An unseen horror (shapeshifter) (D:14)
  3 freezing wraiths
  2 efreet
  2 kobold demonologists (D:8)
  5 rime drakes
  14 komodo dragons
  7 demonic crawlers
  A tengu conjurer (D:14)
  5 polar bears
  5 trolls
  17 jumping spiders
  A wind drake (Lair:6)
  8 hornets
  28 slime creatures
  7 blink frogs
  A meliai zombie (D:10)
  11 dream sheep
  4 snapping turtles
  7 shadows
  A spriggan (shapeshifter) (D:13)
  34 redbacks
  2 yaks (shapeshifter)
  49 yaks
  A vampire (D:12)
  8 wyverns
  2 wraiths (D:14)
  14 tarantellas
  A fire elemental (D:14)
  5 basilisks
  4 steam dragons
  2 vampire mosquitoes (D:12)
  13 wargs
  Menkaure (D:5)
  A two-headed ogre zombie (D:9)
  3 hell hounds (D:14)
  9 water moccasins
  A spectral hornet (Gauntlet)
  An ice beast (D:7)
  A sky beast (D:7)
  3 necrophages
  40 orc warriors
  3 black bears
  6 ogres
  31 wolves
  11 centaurs
  Blork the orc (D:5)
  6 kobold brigands
  2 gnoll sergeants
  A wyvern zombie (D:5)
  11 bullfrogs
  4 scorpions
  3 wights (D:9)
  3 howler monkeys (D:11)
  2 electric eels
  2 bullfrog zombies (D:5)
  A lava snake (D:15)
  17 orc priests
  2 hounds
  2 jellies
  2 bullfrog skeletons
  A gnoll shaman (D:6)
  A centaur skeleton (D:7)
  24 orc wizards
  A killer bee zombie (D:5)
  7 ogre zombies (D:9)
  A hound skeleton (D:4)
  A mummy (D:13)
  16 gnolls
  A howler monkey skeleton (D:6)
  5 adders
  A shadow imp (D:8)
  2 white imps (D:6)
  An ufetubus (D:5)
  3 worms
  An adder skeleton (D:4)
  An adder zombie (D:5)
  4 dart slugs
  82 orcs
  7 ball pythons
  5 bats
  4 endoplasms
  4 giant cockroaches
  4 goblins
  7 hobgoblins
  13 jackals
  26 kobolds
  2 quokkas (D:1)
  4 frilled lizards (Sewer)
  A goblin zombie (D:9)
  A hobgoblin skeleton (D:9)
  5 orc skeletons (D:9)
  18 orc zombies (D:9)
  3 rats
864 creatures vanquished.

Vanquished Creatures (others)
  3 demonic plants (Gauntlet)
  42 fungi
  85 plants
  2 withered plants (D:13)
132 creatures vanquished.

Grand Total: 996 creatures vanquished

Notes
Turn   | Place    | Note
-------+----------+-------------------------------------------
     0 | D:1      | garrulousMonolith the Gargoyle Fighter began the quest for
                  | the Orb.
     0 | D:1      | Reached XP level 1. HP: 14/14 MP: 1/1
   258 | D:1      | Reached XP level 2. HP: 18/19 MP: 2/2
   388 | D:1      | Reached XP level 3. HP: 5/23 MP: 3/3
  1514 | D:2      | Reached skill level 3 in Maces & Flails
  1520 | D:2      | Reached XP level 4. HP: 15/29 MP: 4/4
  1685 | D:2      | Noticed a necrophage
  1700 | D:2      | Killed a necrophage
  1701 | D:2      | Reached XP level 5. HP: 20/33 MP: 5/5
  1849 | D:2      | Gained mutation: You possess an exceptional clarity of
                  | mind. [potion of mutation]
  1849 | D:2      | Gained mutation: You sometimes lose the ability to read
                  | scrolls when taking damage. [potion of mutation]
  1849 | D:2      | Gained mutation: You evolve. [potion of mutation]
  1849 | D:2      | Gained mutation: You have a pair of small horns on your
                  | head. [potion of mutation]
  2163 | D:2      | Found a faded altar of an unknown god.
  2468 | D:3      | Noticed a water moccasin
  2480 | D:3      | Killed a water moccasin
  2481 | D:3      | Reached skill level 4 in Maces & Flails
  2481 | D:3      | Reached XP level 6. HP: 21/39 MP: 6/6
  2830 | D:3      | Lost mutation: You have a pair of small horns on your head.
                  | [evolution]
  3045 | D:3      | Found a sparkling altar of Nemelex Xobeh.
  3048 | D:3      | Found an ornate altar of the Wu Jian Council.
  3050 | D:3      | Found a radiant altar of Vehumet.
  3126 | D:3      | You fall into a shaft and drop 3 floors!
  3268 | D:6      | Noticed a black bear
  3273 | D:6      | Killed a black bear
  3274 | D:6      | Reached XP level 7. HP: 41/44 MP: 7/7
  3418 | D:6      | Reached skill level 5 in Maces & Flails
  3659 | D:5      | Entered Level 5 of the Dungeon
  3659 | D:5      | Found a glowing drain.
  3667 | Sewer    | Entered a sewer
  3680 | Sewer    | Reached skill level 5 in Shields
  4335 | D:5      | Reached skill level 5 in Fighting
  4341 | D:5      | Reached skill level 5 in Armour
  4552 | D:5      | Noticed Menkaure
  4772 | D:4      | Reached XP level 8. HP: 48/50 MP: 8/8
  4958 | D:4      | Reached skill level 6 in Maces & Flails
  5050 | D:4      | You fall into a shaft and drop 3 floors!
  5093 | D:7      | Noticed a hornet
  5094 | D:7      | Found a burning altar of Makhleb.
  5094 | D:7      | Found an opulent altar of Gozag.
  5095 | D:7      | Found a hazy altar of Hepliaklqana.
  5095 | D:7      | Found a basalt altar of Yredelemnul.
  5097 | D:7      | Found a broken altar of Ashenzari.
  5116 | D:7      | Killed a hornet
  5119 | D:7      | HP: 2/51 [steam dragon (3)]
  5326 | D:7      | Found an ancient bone altar of Kikubaaqudgha.
  5719 | D:6      | Reached skill level 7 in Maces & Flails
  5929 | D:5      | Reached XP level 9. HP: 54/56 MP: 9/9
  6249 | D:5      | Killed Menkaure
  6352 | D:5      | Noticed Blork the orc
  6359 | D:5      | Killed Blork the orc
  7266 | D:6      | Reached skill level 8 in Maces & Flails
  7725 | D:7      | Found a blossoming altar of Fedhas.
  7823 | D:7      | Found a staircase to the Ecumenical Temple.
  7919 | Temple   | Entered the Ecumenical Temple
  7990 | Temple   | Became a worshipper of Warmaster Okawaru
  8303 | D:7      | Reached skill level 1 in Invocations
  8322 | D:7      | Noticed Joseph
  8345 | D:7      | Killed Joseph
  8346 | D:7      | Reached XP level 10. HP: 30/63 MP: 9/11
  8517 | D:7      | Found Kuebuhinn's Antique Weapon Shop.
  8528 | D:7      | Reached skill level 9 in Maces & Flails
  9025 | D:8      | Found a white marble altar of Elyvilon.
  9497 | D:8      | Noticed a kobold demonologist
  9497 | D:8      | Noticed a kobold demonologist
  9517 | D:8      | Killed a kobold demonologist
  9517 | D:8      | Reached * piety under Okawaru
  9527 | D:8      | Noticed a rust devil
  9531 | D:8      | Killed a kobold demonologist
  9998 | D:9      | Found Diaritz's Jewellery Emporium.
 10775 | D:9      | Found a staircase to the Orcish Mines.
 10831 | D:9      | Reached ** piety under Okawaru
 10832 | D:9      | Reached skill level 10 in Maces & Flails
 11025 | D:9      | Found a glowing silver altar of Zin.
 11532 | D:9      | Gained mutation: You are frail. (-10% HP) [evolution]
 11767 | D:10     | Entered Level 10 of the Dungeon
 11829 | D:10     | Noticed Erolcha
 11837 | D:10     | Killed Erolcha
 11838 | D:10     | Reached XP level 11. HP: 43/62 MP: 11/14
 12057 | D:10     | Noticed a two-headed ogre
 12068 | D:10     | Killed a two-headed ogre
 12281 | D:10     | Reached *** piety under Okawaru
 12622 | D:10     | Found a staircase to the Lair.
 12629 | D:10     | Reached skill level 5 in Invocations
 13028 | D:11     | Noticed a cyan ugly thing
 13042 | D:11     | Killed a cyan ugly thing
 13362 | D:11     | Noticed an eight-headed hydra
 13370 | D:11     | Killed an eight-headed hydra
 13371 | D:11     | Reached skill level 11 in Maces & Flails
 13602 | D:11     | Noticed a manticore
 13608 | D:11     | Killed a manticore
 13608 | D:11     | Reached **** piety under Okawaru
 13649 | D:11     | Noticed a sea snake
 13739 | D:11     | Noticed a two-headed ogre
 13753 | D:11     | Killed a two-headed ogre
 14669 | Lair:1   | Entered Level 1 of the Lair of Beasts
 14877 | Lair:1   | Reached ***** piety under Okawaru
 14909 | Lair:1   | Reached XP level 12. HP: 68/68 MP: 16/16
 15571 | Lair:1   | Gained mutation: You expend magic power (3 MP) to
                  | strengthen your wands. [evolution]
 16017 | Lair:2   | Noticed a four-headed hydra
 16023 | Lair:2   | Killed a four-headed hydra
 16068 | Lair:2   | Reached skill level 12 in Maces & Flails
 16148 | Lair:2   | Reached skill level 10 in Shields
 16156 | Lair:2   | Reached skill level 10 in Armour
 16210 | Lair:2   | Reached skill level 10 in Fighting
 16377 | Lair:2   | Identified the +5 morningstar "Haef" {vorpal, rPois MP+9
                  | Str-2} (Okawaru gifted it to you on level 2 of the Lair of
                  | Beasts)
 16377 | Lair:2   | Received a gift from Okawaru
 17543 | Lair:2   | Identified a scroll of acquirement
 17544 | Lair:2   | Acquired the +2 kite shield of Precision Catastrophes {Fly
                  | Dex+2}
 17875 | Lair:3   | Reached XP level 13. HP: 70/74 MP: 18/18
 18494 | Lair:4   | Reached skill level 13 in Maces & Flails
 18513 | Lair:4   | Reached ****** piety under Okawaru
 18838 | Lair:4   | Found a hole to the Spider Nest.
 18850 | Lair:4   | Received a gift from Okawaru
 19166 | Lair:4   | Found a staircase to the Swamp.
 20309 | Lair:5   | Lost mutation: You are frail. (-10% HP) [evolution]
 20576 | Lair:6   | Entered Level 6 of the Lair of Beasts
 20995 | Lair:6   | Identified the +3 pair of boots of the Abyss {rPois}
                  | (Okawaru gifted it to you on level 6 of the Lair of Beasts)
 20995 | Lair:6   | Received a gift from Okawaru
 21097 | Lair:6   | Gained mutation: Your large and strong wings let you fly.
                  | [Gargoyle growth]
 21097 | Lair:6   | Reached XP level 14. HP: 76/90 MP: 20/20
 21109 | Lair:6   | Reached skill level 14 in Maces & Flails
 21968 | Lair:6   | Found a runed translucent door.
 21969 | Lair:6   | Found a viscous altar of Jiyva.
 21971 | Lair:6   | Found a staircase to the Slime Pits.
 23038 | Orc:1    | Entered Level 1 of the Orcish Mines
 23279 | Orc:1    | Found Koeffe's Overcharged Wands.
 23553 | Orc:2    | Entered Level 2 of the Orcish Mines
 23565 | Orc:2    | Noticed Sonja
 23596 | Orc:2    | Killed Sonja
 23720 | Orc:2    | Gained mutation: You occasionally shout uncontrollably at
                  | your foes. [evolution]
 23785 | Orc:2    | Identified the +7 flail of Blood {vorpal, rF+ Dex+4}
                  | (Okawaru gifted it to you on level 2 of the Orcish Mines)
 23785 | Orc:2    | Received a gift from Okawaru
 23844 | Orc:2    | Reached skill level 10 in Invocations
 24236 | Orc:2    | Found Kicicuw's Assorted Antiques.
 24290 | Orc:2    | Found Zeabriov's Armour Shop.
 24455 | Orc:2    | Bought a pitted wooden ring for 160 gold pieces
 24455 | Orc:2    | Identified the ring of Icwiysal {rF- Str+6 Int+4} (You
                  | bought it in a shop on level 2 of the Orcish Mines)
 24551 | Orc:2    | Found Apest's Distillery.
 24551 | Orc:2    | Found Fuud's Book Shop.
 24566 | Orc:2    | Bought a potion of heal wounds for 75 gold pieces
 24566 | Orc:2    | Bought a potion of heal wounds for 75 gold pieces
 24566 | Orc:2    | Bought a potion of heal wounds for 75 gold pieces
 24580 | Orc:2    | Noticed Urug
 24604 | Orc:2    | Killed Urug
 24866 | Orc:2    | Found a staircase to the Elven Halls.
 24969 | Orc:2    | Reached skill level 15 in Maces & Flails
 25697 | D:12     | Reached XP level 15. HP: 69/96 MP: 22/22
 26559 | D:12     | Identified the +3 helmet of the Leaf {rElec rCorr Str+3
                  | Dex+2}
 26610 | D:13     | Received a gift from Okawaru
 26666 | D:13     | Found a gate leading to a gauntlet.
 26683 | Gauntlet | Entered a Gauntlet
 26683 | Gauntlet | Found a transporter.
 26683 | Gauntlet | Found a transporter.
 26683 | Gauntlet | Found a transporter.
 26750 | Gauntlet | Found a transporter.
 26762 | Gauntlet | Found a transporter.
 26763 | Gauntlet | Found a transporter.
 26764 | Gauntlet | Found a large runed translucent door.
 26765 | Gauntlet | Found a large runed translucent door.
 26766 | Gauntlet | Found a large runed translucent door.
 26766 | Gauntlet | Found a large runed translucent door.
 26766 | Gauntlet | Found a runed translucent door.
 26767 | Gauntlet | Found a large runed translucent door.
 26768 | Gauntlet | Found a large runed translucent door.
 26769 | Gauntlet | Found a large runed translucent door.
 26769 | Gauntlet | Found a large runed translucent door.
 26770 | Gauntlet | Found a runed translucent gate.
 26770 | Gauntlet | Found a runed translucent gate.
 26772 | Gauntlet | Found a transporter.
 26781 | Gauntlet | Found a runed translucent gate.
 26782 | Gauntlet | Found a large runed translucent door.
 26783 | Gauntlet | Found a large runed translucent door.
 26784 | Gauntlet | Found a large runed translucent door.
 26792 | Gauntlet | Found a transporter.
 26807 | Gauntlet | Found a transporter.
 26810 | Gauntlet | Found a transporter.
 26818 | Gauntlet | Found a transporter.
 26821 | Gauntlet | Found a transporter.
 26861 | Gauntlet | Found a large runed translucent door.
 26862 | Gauntlet | Found a large runed translucent door.
 26863 | Gauntlet | Found a large runed translucent door.
 26863 | Gauntlet | Found a large runed translucent door.
 26863 | Gauntlet | Found a runed translucent door.
 26864 | Gauntlet | Found a large runed translucent door.
 27071 | Gauntlet | Received a gift from Okawaru
 27127 | Gauntlet | Got the Volume of the Frigorific Rocks
 27339 | D:13     | Noticed a ghoul
 27367 | D:13     | Killed a ghoul
 27646 | D:13     | Gained mutation: You are partially covered in iridescent
                  | scales. (AC +2) [evolution]
 28104 | D:13     | Noticed a ghoul
 28122 | D:13     | Killed a ghoul
 28222 | D:13     | Received a gift from Okawaru
 28861 | D:13     | Reached skill level 16 in Maces & Flails
 28920 | D:13     | Found a gate to the Vaults.
 28974 | D:13     | Identified the +4 leather armour of the Ten Things {Regen+}
 28976 | D:13     | Got the Reference Book on Curses
 28977 | D:13     | Identified the +2 spear of Mandamus {pain, rElec rPois
                  | MP+9}
 29201 | D:14     | Noticed Azrael
 29466 | D:14     | Killed Azrael
 30085 | D:13     | Reached XP level 16. HP: 92/104 MP: 23/23
 30514 | D:14     | Received a gift from Okawaru
 30956 | D:15     | Entered Level 15 of the Dungeon
 31036 | D:15     | Noticed Jorgrun
 31052 | D:15     | Killed Jorgrun
 31676 | D:15     | Identified the +7 ring mail of Pantheism {rElec}
 32247 | D:15     | Found a staircase to the Depths.
 32570 | Spider:1 | Entered Level 1 of the Spider Nest
 32736 | Spider:1 | Received a gift from Okawaru
 33280 | Spider:1 | Gained mutation: Your muscles are strong. (Str +2)
                  | [evolution]
 33358 | Spider:1 | Received a gift from Okawaru
 33431 | Spider:1 | Reached XP level 17. HP: 112/112 MP: 24/24
 33477 | Spider:1 | Reached skill level 15 in Armour
 33686 | Spider:1 | Reached skill level 15 in Shields
 33694 | Spider:1 | You are sucked into a shaft and drop 1 floor!
 33756 | Spider:2 | Reached skill level 15 in Fighting
 35751 | Spider:3 | Identified the +5 scimitar "Giantslayer" {vorpal, Str+4
                  | Int+3 SInv}
 36488 | Spider:4 | Entered Level 4 of the Spider Nest
 36551 | Spider:4 | Received a gift from Okawaru
 36574 | Spider:4 | Blown up by an orb spider

Illustrated notes

Levels and vault maps discovered:
D:1:      lightli_arrival_chessboard, layout_loops_ring, serial_bayou,
          serial_bayou_lagoon_b, serial_bayou_pond_d, serial_bayou_lagoon_a,
          serial_bayou_pond_d
D:2:      layout_rooms, shapermc_ecumenical_altar_venn,
          chequers_serial_rivers_room_a, hangedman_decor_points
D:3:      layout_rooms, grunt_temple_overflow_diamond, serial_bayou_ford_a,
          hex_tiny, minmay_hedge_maze, grunt_ministairs_14,
          corexii_item_surrounded_by_moat
D:4:      layout_basic
D:5:      layout_rooms, cheibrodos_sewer_entry_drain, serial_rivers,
          chequers_serial_rivers_small_3, chequers_serial_rivers_micro_b,
          chequers_serial_rivers_room_a, chequers_serial_rivers_room_b,
          kennysheep_generic_room_3, uniq_blork_the_orc, uniq_menkaure
D:6:      layout_basic, chequers_serial_rivers_large_a
D:7:      layout_loops_corners, fedhas_altar_2, grunt_temple_overflow_open,
          minmay_temple_entry_ruins, serial_shops, nicolae_shop_waterfront,
          uniq_joseph
D:8:      layout_rooms, elyvilon_altar_5, kennysheep_generic_room_15
D:9:      layout_stronghold, mainiacjoe_overflow_paths, zombieorc2_lemuel,
          serial_shops, nicolae_shop_statue_plus, evilmike_butchery
D:10:     layout_basic, grunt_lair_entry_orc_guard_hut, uniq_erolcha
D:11:     layout_basic, serial_aquarium, aquarium_bridge_island_small
          [aquarium_subvault_small_open, aquarium_subvault_window,
          aquarium_subvault_window, aquarium_subvault_bridge,
          aquarium_subvault_bridge], aquarium_bridge_square
          [aquarium_subvault_bridge, aquarium_subvault_window,
          aquarium_subvault_bridge, aquarium_subvault_bridge],
          aquarium_window_2, aquarium_window_fake, aquarium_window_1,
          aquarium_view_2b, aquarium_pool_2, chequers_serial_rivers_room_b
D:12:     layout_grid_maze, kennysheep_generic_room_9
D:13:     layout_irregular_city, david_vaults_5, serial_undead, serial_undead_c,
          serial_undead_c, serial_undead_e, serial_undead_f,
          gauntlet_entry_generic, hangedman_glass_teeth,
          minmay_checkered_concentric_circles
D:14:     layout_cave_pools, chequers_decorated_corner, uniq_azrael
D:15:     gammafunk_enter_depths_forms, layout_rooms, serial_glass,
          glass_columns_c, glass_columns_a, glass_columns_b, glass_columns_c,
          glass_columns_a, glass_columns_b, glass_columns_b, glass_columns_b,
          minmay_tree_intersection, grunt_decor_junction,
          minmay_misc_feat_tower, uniq_jorgrun
Temple:   eino_temple_lava
Lair:1:   layout_layer_cave, lemuel_fruit_tree
Lair:2:   nzn_winding_woodlands_three_and_one
          [nzn_winding_woodlands_5x15_river_crossing,
          nzn_winding_woodlands_5x15_split_checker,
          nzn_winding_woodlands_5x15_pockets,
          nzn_winding_woodlands_center_garden], layout_loops_ring
Lair:3:   layout_misc_corridors
Lair:4:   layout_big_grid, swamp_mist, nicolae_spider_entry_orb_guardian,
          grunt_forest_small_clearing_treed, grunt_megastairs_2
Lair:5:   layout_layer_cave
Lair:6:   gammafunk_lair_ancient_temple, layout_layer_cave, slime_altar_2
Spider:1: nicolae_spider_hilbert_zone_1 [nicolae_spider_hilbert_4_sides_1_open,
          nicolae_spider_hilbert_4_sides_1_open,
          nicolae_spider_hilbert_4_sides_1_open,
          nicolae_spider_hilbert_4_sides_1_open,
          nicolae_spider_hilbert_3_sides_1_open,
          nicolae_spider_hilbert_3_sides_1_open,
          nicolae_spider_hilbert_3_sides_1_open,
          nicolae_spider_hilbert_3_sides_1_open,
          nicolae_spider_hilbert_3_sides_1_open,
          nicolae_spider_hilbert_6_sides_1_open,
          nicolae_spider_hilbert_6_sides_1_open,
          nicolae_spider_hilbert_3_sides_1_open,
          nicolae_spider_hilbert_3_sides_1_open,
          nicolae_spider_hilbert_3_sides_1_open,
          nicolae_spider_hilbert_3_sides_1_open,
          nicolae_spider_hilbert_2_sides_1_open]
Spider:2: layout_spider_delve
Spider:3: layout_spider_delve
Spider:4: grunt_spider_rune_island, gammafunk_ghost_cemetery,
          nicolae_spider_not_touching_you
Orc:1:    layout_diamond_mine, nicolae_shop_overcharged_wands
Orc:2:    st_orc_town, layout_diamond_mine, nooodl_orcs_dogs, uniq_urug,
          uniq_sonja

Skill      XL: |  1  2  3  4  5  6  7  8  9 10 11 12 13 14 15 16 17 |
---------------+----------------------------------------------------+-----
Maces & Flails | 3 4 5 7 8 10 11 12 13 15 16 | 16.0
Fighting       | 4 5 6 7 8 9 10 11 12 13 14 15 | 15.8
Armour         | 4 5 6 7 8 9 10 11 12 13 14 15 | 15.8
Shields        | 4 5 6 7 8 9 10 11 12 13 14 15 | 15.0
Invocations    | 1 4 6 7 9 10 | 10.0

Action                   |  1- 3 |  4- 6 |  7- 9 | 10-12 | 13-15 | 16-18 || total
-------------------------+-------+-------+-------+-------+-------+-------++-------
Melee: Flail             |    61 |       |       |       |       |       ||    61
       Whip              |    47 |    77 |       |       |       |       ||   124
       Headbutt          |       |     5 |       |       |       |       ||     5
       Morningstar       |       |    11 |   351 |   610 |  1286 |   327 ||  2585
       Demon whip        |       |       |       |       |       |   530 ||   530
Throw: Dart              |       |       |     2 |     6 |     3 |       ||    11
Invok: Heroism           |       |       |       |    16 |    28 |    10 ||    54
       Finesse           |       |       |       |     1 |     9 |     4 ||    14
Evoke: Wand              |       |       |     4 |     6 |       |       ||    10
       Lightning rod     |       |       |       |       |     2 |       ||     2
       Phantom mirror    |       |       |       |       |     1 |       ||     1
  Use: Potion            |       |     2 |     7 |     4 |     4 |       ||    17
       Scroll            |       |       |    11 |     9 |     7 |     4 ||    31
 Stab: Sleeping          |       |       |       |       |       |     1 ||     1
Armor: Scale mail        |    71 |    25 |       |       |       |       ||    96
       Chain mail        |       |    19 |   251 |       |       |       ||   270
       Plate armour      |       |       |    37 |   293 |   500 |       ||   830
       Ice dragon scales |       |       |       |       |    74 |   412 ||   486
Dodge: Dodged            |    35 |    25 |    91 |   112 |   327 |   223 ||   813
Block: Kite shield       |    50 |    35 |   258 |   312 |   896 |   547 ||  2098
